 Dungeon Crawl Stone Soup version 0.30-a0-269-gf0224bf7b6 (webtiles) character file.

Game seed: 3376605818776300524

13062 purpskrrrp the Cleaver (level 11, -2/101 HPs)
             Began as a Minotaur Fighter on Oct 14, 2022.
             Was a Priest of Yredelemnul.
             Killed from afar by an electric eel (7 damage)
             ... with a bolt of electricity
             ... on level 11 of the Dungeon.
             The game lasted 00:19:08 (10562 turns).

purpskrrrp the Cleaver (Minotaur Fighter)          Turns: 10562, Time: 00:19:09

Health: -2/101     AC: 10    Str: 25    XL:     11   Next: 70%
Magic:  10/10      EV: 12    Int:  5    God:    Yredelemnul [***...]
Gold:   565        SH:  8    Dex: 10    Spells: 10/10 levels left

rFire   + . .      SeeInvis .    u - +6 hand axe of Conformity {protect, rC++ rN+}
rCold   + + .      Faith    .    c - +1 buckler
rNeg    + . .      Spirit   .    b - +0 scale mail
rPois   .          Reflect  .    (helmet restricted)
rElec   .          Harm     .    z - +2 cloak {rCorr}
rCorr   +          Rampage  .    (no gloves)
Will    +....      Rage     3%   (no boots)
Stlth   ..........               (no amulet)
HPRegen 0.36/turn                D - ring of protection from fire
MPRegen 0.12/turn                y - ring of willpower

@: mighty, studying Shields
A: horns 2, retaliatory headbutt, berserk 1, deterioration 1
a: Renounce Religion, Recall Undead Harvest, Dark Bargain


You were on level 11 of the Dungeon.
You worshipped Yredelemnul.
Yredelemnul was noncommittal.
You visited 1 branch of the dungeon, and saw 11 of its levels.
You also visited: Sewer.

You collected 640 gold pieces.
You spent 75 gold pieces at shops.

Inventory:

Hand Weapons
 a - a +3 war axe
 u - the +6 hand axe of Conformity (weapon) {protect, rC++ rN+}
   (You found it on level 2 of the Dungeon)

   It grants its wielder temporary protection when it strikes (+7 to AC).
   rC:        It greatly protects you from cold.
   rN:        It protects you from negative energy.
Armour
 b - a +0 scale mail (worn)
 c - a +1 buckler (worn)
 z - a +2 cloak of preservation (worn)
Jewellery
 y - a ring of willpower (right hand)
 B - a +6 ring of intelligence
 D - a ring of protection from fire (left hand)
 E - a ring of resist corrosion
Wands
 k - a wand of paralysis (7)
 n - a wand of roots (29)
 w - a wand of polymorph (14)
 x - a wand of acid (9)
 F - a wand of flame (6) (quivered)
Scrolls
 e - 4 scrolls of teleportation
 f - 2 scrolls of noise
 p - 8 scrolls of magic mapping
 t - 3 scrolls of vulnerability
 v - a scroll of silence
 H - a scroll of amnesia
 J - a scroll of fear
 K - a scroll of summoning
Potions
 d - 6 potions of might
 g - a potion of heal wounds
 h - a potion of resistance
 j - 3 potions of curing
 l - a potion of attraction
 m - 2 potions of flight
 q - 3 potions of degeneration
 r - 2 potions of berserk rage
 s - 2 potions of lignification {unknown}
 A - 3 potions of brilliance
 G - a potion of invisibility {unknown}
 I - 2 potions of ambrosia {unknown}


   Skills:
 + Level 10.8 Fighting
 * Level 14.4 Axes
 - Level 3.6 Armour
 + Level 9.3 Dodging
 + Level 13.3 Shields


You had 10 spell levels left.
You didn't know any spells.
Your spell library contained the following spells:

 Spells                   Type           Power      Damage    Failure   Level
 Blink                    Tloc           0%         N/A       91%         2
 Momentum Strike          Conj/Tloc      0%         3d8       91%         2
 Sublimation of Blood     Necr           0%         N/A       91%         2
 Lesser Beckoning         Tloc           0%         N/A       99%         3
 Petrify                  Tmut/Erth      0%         N/A       100%        4
 Summon Ice Beast         Ice/Summ       0%         N/A       100%        4
 Irradiate                Conj/Tmut      0%         3d11      100%        5
 Summon Mana Viper        Hex/Summ       0%         N/A       100%        5
 Monstrous Menagerie      Summ           0%         N/A       100%        7
 Borgnjor's Revivificati  Necr           0%         N/A       100%        8
 Necromutation            Tmut/Necr      0%         N/A       100%        8
 Death's Door             Necr           0%         N/A       100%        9


Dungeon Overview and Level Annotations

Branches:
Dungeon (11/15)            Temple (0/1) D:4            Lair (0/5) D:11
    Orc (0/2) D:10          Sewer (visited)

Altars:
Dithmenos
Gozag
Nemelex Xobeh
Okawaru
Qazlal
Vehumet
Wu Jian
Yredelemnul

Shops:
D:2 *

Annotations:
D:11 2 transporters, Olitzid's ghost, journeyman DEHW


Innate Abilities, Weirdness & Mutations

You have a pair of horns on your head.
You reflexively headbutt those who attack you in melee.
You sometimes lose your temper in combat.
Your body sometimes deteriorates upon taking damage.


Message History

Found a ring mail.
Found a staircase to the Lair.
The electric eel shoots out a bolt of lightning at you!
The bolt of electricity misses you.
The electric eel shoots out a bolt of lightning at you!
The bolt of electricity hits you!
The electric eel shoots out a bolt of lightning at you!
The bolt of electricity hits you.
* * * LOW HITPOINT WARNING * * *
The electric eel shoots out a bolt of lightning at you!
The bolt of electricity hits you!
* * * LOW HITPOINT WARNING * * *
The electric eel shoots out a bolt of lightning at you!
The bolt of electricity hits you!
* * * LOW HITPOINT WARNING * * *
You enter the shallow water.
Moving in this stuff is going to be slow.
The electric eel shoots out a bolt of lightning at you!
The bolt of electricity misses you. Why would you want to do that?
Why would you want to do that? Why would you want to do that?
Okay, then.
As you read the scroll of fear, it crumbles to dust.
You assume a fearsome visage.
The electric eel looks frightened! x2
As you read the scroll of butterflies, it crumbles to dust.
You hear the tinkle of a tiny bell.
Cornered, the electric eel turns to fight!
You swap places.
The electric eel shoots out a bolt of lightning at you!
The bolt of electricity hits your butterfly!
Your butterfly dies!
Your butterfly disappears in a burst of colours!
The bolt of electricity hits your basilisk zombie!
The bolt of electricity hits your butterfly!
Your butterfly dies!
Your butterfly disappears in a burst of colours!
The bolt of electricity hits you!
You die...
Your body rises from the dead as a mindless zombie.

.....~~≈~~~≈~~~
.....~≈≈≈.~..~≈
....~.≈b~~b....
.....~~~≈.b>...
...bb~b≈~~.b.~.
....b.bbbbb~.b.
...b.~bbb~~..~≈
#...bbbb≈≈S≈b≈
##...b~@.Zbb~~~
...b~.bbbZ.....
##.[....b...S..
######ZZ##....
#)## .### #.#
#)# # #.# #.#
#### #.# #)#
...# #.# #)#


You could see 2 electric eels, a friendly basilisk zombie, 2 friendly yak
zombies and a friendly two-headed ogre zombie.

Vanquished Creatures
  2 two-headed ogres
  Pikel (D:6)
  A cyclops (D:8)
  An ugly thing (D:11)
  An unseen horror (D:11)
  A komodo dragon (D:9)
  An efreet (D:8)
  3 trolls
  Grinder (D:5)
  A hornet (D:8)
  Prince Ribbit (D:6)
  Sigmund (D:2)
  A wraith (D:11)
  A shadow (D:11)
  11 yaks
  Eustachio (D:5)
  A basilisk (D:11)
  Menkaure (D:5)
  Edmund (D:4)
  4 water moccasins
  Pargi (Sewer)
  8 orc warriors
  2 sky beasts
  An ogre (D:4)
  A wolf (D:11)
  8 centaurs
  A phantom (D:6)
  2 lemures (D:6)
  3 kobold brigands
  4 bullfrogs
  A scorpion (D:6)
  3 wights (D:9)
  3 howler monkeys (D:10)
  3 electric eels
  A crimson imp (D:5)
  5 jellies
  5 orc priests
  A gnoll bouda (D:9)
  9 hounds
  Crazy Yiuf (D:5)
  4 iguanas
  Ijyb (D:3)
  11 orc wizards
  Robin (D:2)
  7 gnolls
  2 river rats (D:5)
  8 adders
  3 shadow imps
  3 white imps
  3 ufetubi
  3 worms
  2 dart slugs
  35 orcs
  4 ball pythons
  7 bats
  8 endoplasms
  8 giant cockroaches
  16 goblins
  11 hobgoblins
  6 jackals (D:2)
  21 kobolds
  2 quokkas
  A frilled lizard (D:2)
  6 rats
272 creatures vanquished.

Vanquished Creatures (collateral kills)
  A cyclops (D:11)
  A gargoyle (D:11)
  A shadow (D:11)
  A water elemental (D:11)
  A yak (D:11)
  A black bear (D:6)
  A lemure (D:6)
  A necrophage (D:6)
  2 scorpions
  2 hounds
  2 gnolls (D:9)
  An adder (D:4)
  A river rat (D:5)
  A shadow imp (D:5)
  A worm (D:5)
  An orc (D:6)
  2 giant cockroaches
  2 hobgoblins
  A jackal (D:2)
  3 bats
  2 frilled lizards
  3 goblins
  3 kobolds
35 creatures vanquished.

Vanquished Creatures (others)
  An ugly thing zombie (D:11)
  An unseen horror zombie (D:11)
  A hornet zombie (D:8)
  A cyclops zombie (D:11)
  2 water moccasin zombies
  A wolf zombie (D:11)
  3 centaur zombies
  3 hound zombies (D:11)
  2 human zombies
  A spectral shadow imp (D:5)
  An adder zombie (D:6)
  2 bat zombies
  2 giant cockroach zombies
  A goblin zombie (D:4)
  A hobgoblin zombie (D:2)
  2 jackal zombies (D:2)
  5 kobold zombies
  3 orc zombies (D:10)
  A spectral ufetubus (D:5)
  7 demonic plants (D:5)
  6 plants (D:3)
47 creatures vanquished.

Grand Total: 354 creatures vanquished

Notes
Turn   | Place    | Note
-------+----------+-------------------------------------------
     0 | D:1      | purpskrrrp the Minotaur Fighter began the quest for the
                  | Orb.
     0 | D:1      | Reached XP level 1. HP: 19/19 MP: 0/0
    62 | D:1      | Found a faded altar of an unknown god.
    87 | D:1      | Reached XP level 2. HP: 24/27 MP: 1/1
   101 | D:1      | Prayed at the altar of an unknown god.
   101 | D:1      | Became a worshipper of Yredelemnul the Dark
   101 | D:1      | Reached * piety under Yredelemnul
   168 | D:1      | Reached skill level 3 in Axes
   227 | D:1      | Reached ** piety under Yredelemnul
   249 | D:1      | Reached skill level 1 in Dodging
   388 | D:1      | Reached XP level 3. HP: 33/33 MP: 2/2
   747 | D:2      | Found Ynitzel's Assorted Antiques.
   754 | D:2      | Bought a scroll labelled BENUHEGOCI for 26 gold pieces
   804 | D:2      | Noticed Sigmund
   810 | D:2      | Killed Sigmund
   811 | D:2      | Reached skill level 4 in Axes
   811 | D:2      | Reached XP level 4. HP: 33/41 MP: 3/3
   811 | D:2      | Reached XP level 5. HP: 38/47 MP: 4/4
   892 | D:2      | Reached skill level 5 in Axes
   893 | D:2      | Noticed Robin
   912 | D:2      | Your ally Sigmund died
   913 | D:2      | Killed Robin
   939 | D:2      | Identified the +6 hand axe of Conformity {protect, rC++
                  | rN+}
  1232 | D:2      | Reached *** piety under Yredelemnul
  1274 | D:2      | Bought a bubbling inky potion for 23 gold pieces
  1274 | D:2      | Bought a scroll labelled NYX DOACEUSEME for 26 gold pieces
  1315 | D:3      | Reached XP level 6. HP: 55/55 MP: 5/5
  1460 | D:3      | Noticed Ijyb
  1469 | D:3      | Killed Ijyb
  1589 | D:3      | Reached skill level 5 in Shields
  1736 | D:3      | Found a faded altar of an unknown god.
  1741 | D:3      | Reached skill level 5 in Fighting
  1741 | D:3      | Found a basalt altar of Yredelemnul.
  1828 | D:4      | Noticed Edmund
  1840 | D:4      | Killed Edmund
  1902 | D:4      | Reached skill level 6 in Axes
  1951 | D:4      | Reached XP level 7. HP: 54/61 MP: 6/6
  2023 | D:4      | Found a staircase to the Ecumenical Temple.
  2476 | D:4      | Found a stormy altar of Qazlal.
  2758 | D:5      | Entered Level 5 of the Dungeon
  2792 | D:5      | Reached skill level 7 in Axes
  2937 | D:5      | Found a glowing drain.
  2943 | Sewer    | Entered a sewer
  3021 | Sewer    | Noticed Pargi
  3029 | Sewer    | Killed Pargi
  3030 | Sewer    | Reached XP level 8. HP: 58/70 MP: 7/7
  3361 | D:5      | Noticed Menkaure
  3365 | D:5      | Killed Menkaure
  3366 | D:5      | Reached skill level 8 in Axes
  3561 | D:5      | Noticed Grinder
  3568 | D:5      | Paralysed by Grinder for 2 turns
  3574 | D:5      | Killed Grinder
  3575 | D:5      | Reached skill level 5 in Dodging
  3880 | D:5      | Found a runed translucent door.
  3881 | D:5      | Noticed Crazy Yiuf
  4060 | D:5      | Noticed Eustachio
  4066 | D:5      | Killed Eustachio
  4067 | D:5      | Reached skill level 9 in Axes
  4374 | D:5      | Killed Crazy Yiuf
  4397 | D:5      | Identified a scroll of acquirement
  4398 | D:5      | Acquired a manual of Shields
  4468 | D:6      | Noticed Prince Ribbit
  4482 | D:6      | Killed Prince Ribbit
  4483 | D:6      | Reached XP level 9. HP: 17/79 MP: 8/8
  4841 | D:6      | Noticed Pikel
  4856 | D:6      | Killed Pikel
  4857 | D:6      | Reached skill level 10 in Axes
  4861 | D:6      | Your ally Prince Ribbit died
  5568 | D:6      | Gained mutation: Your flesh is cold resistant. (rC+)
                  | [potion of mutation]
  5568 | D:6      | Gained mutation: You are partially covered in iridescent
                  | scales. (AC +2) [potion of mutation]
  5568 | D:6      | Gained mutation: Your body sometimes deteriorates upon
                  | taking damage. [potion of mutation]
  5569 | D:6      | Lost mutation: Your flesh is cold resistant. (rC+) [potion
                  | of mutation]
  5569 | D:6      | Lost mutation: You are partially covered in iridescent
                  | scales. (AC +2) [potion of mutation]
  5569 | D:6      | Gained mutation: You sometimes lose your temper in combat.
                  | [potion of mutation]
  6122 | D:7      | Reached skill level 11 in Axes
  6919 | D:8      | Reached XP level 10. HP: 90/90 MP: 9/9
  6943 | D:8      | Noticed a cyclops
  6955 | D:8      | Killed a cyclops
  7155 | D:8      | Reached skill level 10 in Shields
  7346 | D:8      | Found a shadowy altar of Dithmenos.
  7347 | D:8      | Found an iron altar of Okawaru.
  7360 | D:8      | Reached **** piety under Yredelemnul
  7595 | D:8      | Reached skill level 12 in Axes
  7872 | D:9      | Found a radiant altar of Vehumet.
  7872 | D:9      | Found a sparkling altar of Nemelex Xobeh.
  7895 | D:9      | Identified the +4 short sword "Wacaur" {elec, Stlth+}
  8584 | D:9      | Found an ornate altar of the Wu Jian Council.
  8586 | D:9      | Found an opulent altar of Gozag.
  8728 | D:10     | Entered Level 10 of the Dungeon
  8805 | D:10     | Reached skill level 13 in Axes
  8813 | D:10     | Reached XP level 11. HP: 51/99 MP: 10/10
  9425 | D:10     | Noticed a two-headed ogre
  9433 | D:10     | Killed a two-headed ogre
  9434 | D:10     | Reached skill level 10 in Fighting
  9804 | D:10     | Found a staircase to the Orcish Mines.
  9830 | D:10     | Reached ***** piety under Yredelemnul
  9886 | D:11     | Noticed a deep elf pyromancer
  9889 | D:11     | Noticed Olitzid's ghost (journeyman DEHW)
  9900 | D:11     | Noticed a brown ugly thing
  9909 | D:11     | Killed a brown ugly thing
  9954 | D:11     | Found a transporter.
  9956 | D:11     | Found a transporter.
 10136 | D:11     | Noticed a two-headed ogre
 10143 | D:11     | Killed a two-headed ogre
 10407 | D:11     | Reached skill level 14 in Axes
 10556 | D:11     | Found a staircase to the Lair.
 10558 | D:11     | HP: 3/101 [electric eel/bolt of electricity (13)]
 10562 | D:11     | Killed from afar by an electric eel

Illustrated notes

Levels and vault maps discovered:
D:1:      shiori_arrival_oz, layout_rooms, nicolae_ecumenical_lake_church
D:2:      layout_rooms, serial_shops, shop, minmay_worlds_worst_comb,
          uniq_robin, uniq_sigmund
D:3:      layout_rooms, nicolae_overflow_ecumenical_swirl,
          serial_bayou_lagoon_a, uniq_ijyb
D:4:      layout_basic, mainiacjoe_overflow_alcove_2, temple_statues,
          uniq_edmund
D:5:      layout_basic, lightli_sewer_entry_pipes, serial_demonic,
          serial_demonic_b, serial_demonic_e, serial_demonic_f,
          serial_demonic_b, minmay_fire_ice_demons, uniq_eustachio,
          uniq_grinder, uniq_menkaure, uniq_crazy_yiuf_cottage
D:6:      layout_rooms, kennysheep_generic_room_16, uniq_prince_ribbit1,
          uniq_pikel
D:7:      minmay_inner_zag, layout_loops_corners
D:8:      layout_basic, grunt_temple_overflow_open, minmay_sticks_and_stones
D:9:      layout_gridville, minitemple, due_unseen_surprise
D:10:     layout_basic, erik_orc_2
D:11:     layout_basic, erik_lair_island, gammafunk_ghost_arena

Skill      XL: |  1  2  3  4  5  6  7  8  9 10 11 |
---------------+----------------------------------+-----
Axes           | 3 4 5 6 7 9 11 13 14 | 14.4
Dodging        | 1 2 3 4 5 6 8 9 |  9.3
Fighting       | 4 5 6 7 8 9 10 | 10.8
Shields        | 4 5 6 7 9 11 13 | 13.3
Armour         | |  3.6

Action                   |  1- 3 |  4- 6 |  7- 9 | 10-12 || total
-------------------------+-------+-------+-------+-------++-------
Melee: War axe           |    45 |    95 |   187 |       ||   327
       Headbutt          |     6 |    16 |    35 |    51 ||   108
       Hand axe          |       |       |    65 |   257 ||   322
Evoke: Wand              |       |       |       |    42 ||    42
  Use: Scroll            |     8 |     4 |    13 |     9 ||    34
       Potion            |       |       |     3 |     8 ||    11
 Stab: Distracted        |       |     1 |       |     1 ||     2
Armor: Scale mail        |    29 |    45 |   106 |    84 ||   264
Dodge: Dodged            |    25 |    50 |   108 |    97 ||   280
Block: Buckler           |    11 |    32 |    67 |    68 ||   178

Table legend: (Time is in decaauts)
 A = Elapsed time spent in this place.
 B = Non-inter-level travel time spent in this place.
 C = Inter-level travel time spent in this place.
 D = Time resting spent in this place.
 E = Time spent auto-exploring this place.
 F = Levels seen in this place.
 G = Mean time per level.
                   A        B        C        D        E       F      G
               +--------+--------+--------+--------+--------+-----+--------+
         Total |  10635 |   9903 |    732 |    501 |   7673 |  12 |  886.2 |
       Dungeon |  10464 |   9732 |    732 |    501 |   7538 |  11 |  951.3 |
         Sewer |    170 |    170 |      0 |      0 |    135 |   1 |  170.0 |
               +--------+--------+--------+--------+--------+-----+--------+

Top non-repeatable levels by time:
     D:5: 1665 daAuts
     D:6: 1151 daAuts
    D:10: 1119 daAuts
     D:4: 1025 daAuts
     D:7: 1015 daAuts
     D:8: 929 daAuts
     D:9: 884 daAuts
     D:2: 739 daAuts
    D:11: 684 daAuts
     D:1: 676 daAuts
     D:3: 572 daAuts
   Sewer: 170 daAuts
